 Dungeon Crawl Stone Soup version 0.24.1 (webtiles) character file.

Game seed: 11823183128415624357, levelgen mode: deterministic

163 nightchill the Chiller (level 5, -8/39 HPs)
             Began as a Merfolk Ice Elementalist on Mar 31, 2020.
             Mangled by a mana viper (13 damage)
             ... on level 1 of the Abyss.
             The game lasted 00:10:33 (4218 turns).

nightchill the Chiller (Merfolk Ice Elementalist)   Turns: 4218, Time: 00:10:33

Health: -8/39      AC:  2    Str:  9      XL:     5   Next: 44%
Magic:  8/8        EV: 12    Int: 14      God:
Gold:   137        SH:  0    Dex: 11 (15) Spells: 3/8 levels left

rFire    . . .     SeeInvis .   n - +0 spear
rCold    . . .     Gourm    .   (no shield)
rNeg     . . .     Faith    .   a - +0 robe
rPois    .         Spirit   .   (no helmet)
rElec    .         Reflect  .   (no cloak)
rCorr    .         Harm     .   (no gloves)
MR       .....                  (no boots)
Stlth    ++........             (no amulet)
HPRegen  0.13/turn              (no ring)
MPRegen  0.11/turn              (no ring)

@: lightly drained
A: change form in water, swift swim, stealthy swim
a: no special abilities


You were on level 1 of the Abyss.
You were hungry.

You visited 1 branch of the dungeon, and saw 3 of its levels.
You visited the Abyss 1 time.

You collected 137 gold pieces.

Inventory:

Hand Weapons
 e - a +0 short sword
 n - a +0 spear (weapon)
 p - a +0 hunting sling
Missiles
 k - 112 stones (quivered)
Armour
 a - a +0 robe (worn)
 g - a cursed +0 shield
 q - a +0 buckler
Scrolls
 b - 3 scrolls of random uselessness {unknown}
 d - 5 scrolls of identify {unknown}
 f - 2 scrolls of teleportation {unknown}
 j - 3 scrolls of enchant armour {unknown}
 o - a scroll of amnesia {unknown}
 s - a scroll of vulnerability {unknown}
 t - a scroll of remove curse {unknown}
 u - a scroll of immolation {unknown}
Potions
 h - 3 potions of curing {unknown}
 i - a potion of flight {unknown}
 l - a potion of mutation {unknown}
 m - a potion of heal wounds {unknown}
 r - a potion of agility {unknown}
Comestibles
 c - 4 rations


   Skills:
 + Level 2.4(2.2) Fighting
 + Level 2.0(1.8) Polearms
 - Level 2.6(2.4) Dodging
 - Level 2.1(1.9) Stealth
 - Level 2.0(1.7) Spellcasting
   Level 0.7(0.5) Conjurations
 * Level 1.5(1.3) Summonings
 * Level 5.1(4.9) Ice Magic


You had 3 spell levels left.
You knew the following spells:

 Your Spells              Type           Power        Failure   Level  Hunger
a - Freeze                Ice            ###.         3%          1    ##.....
b - Summon Ice Beast      Ice/Summ       ##......     54%         4    #####..

Your spell library contained the following spells:

 Spells                   Type           Power        Failure   Level  Hunger
 Throw Frost              Conj/Ice       #.....       12%         2    ###....
 Ozocubu's Armour         Chrm/Ice       #.......     26%         3    ####...
 Throw Icicle             Conj/Ice       #.......     61%         4    #####..


Dungeon Overview and Level Annotations

Branches:
Dungeon (3/15)

Altars:
Kikubaaqudgha
Xom


Message History

The starspawn tentacle constricts you.
You escape the starspawn tentacle's grasp.
A tentacle flies out from the starspawn's body!
A starspawn tentacle comes into view.
The neqoxec gestures at you.
Something tries to feed on your intellect!
A white imp comes into view.
You see here 49 gold pieces.
You see here a broad axe.
A mana viper comes into view.
The quasit bites you.
* * * LOW HITPOINT WARNING * * *
The quasit claws you.
* * * LOW HITPOINT WARNING * * *
The quasit closely misses you. The neqoxec gestures at you.
Something tries to feed on your intellect!
The mana viper hisses angrily.
The mana viper bites you!
You die...

. ## . # .. ####.
#. #. .#..#..#...
#.#.#..#.#..
#...5.#..###
#.....#....## .
#.###@....#..# .#
#..S5#....# .#
#...##.#.#.#.##.#
#. #.#.#..#.. .#
#. .###.)$.# #.
## ###.#### # #
#.##3..## #
#...#.#.##.# #.#
.#...#.#....#..#


You could see a mana viper, a neqoxec, a quasit and a white imp.

Vanquished Creatures
  A vampire bat (D:2)
  2 adders (D:2)
  2 oozes
  3 worms
  2 dart slugs (D:1)
  2 leopard geckos
  3 orcs (D:3)
  4 ball pythons (D:1)
  3 bats
  2 bat skeletons (D:2)
  4 bat zombies (D:2)
  5 giant cockroaches
  6 goblins
  9 hobgoblins
  8 jackals
  4 frilled lizards
  6 kobolds
  7 rats
73 creatures vanquished.

Vanquished Creatures (others)
  3 starspawn tentacles (Abyss:1)
3 creatures vanquished.

Grand Total: 76 creatures vanquished

Notes
Turn   | Place    | Note
-------+----------+-------------------------------------------
     0 | D:1      | nightchill the Merfolk Ice Elementalist began the quest for
                  | the Orb.
     0 | D:1      | Reached XP level 1. HP: 13/13 MP: 3/3
     2 | D:1      | Noticed a naga
     4 | D:1      | Noticed a demonspawn
     6 | D:1      | Noticed a halfling
     6 | D:1      | Noticed a centaur
     8 | D:1      | Noticed a troll
     8 | D:1      | Noticed a minotaur
    10 | D:1      | Noticed a demigod
    12 | D:1      | Noticed an ogre
    12 | D:1      | Noticed a felid
    14 | D:1      | Noticed a spriggan
    14 | D:1      | Noticed a dwarf
    16 | D:1      | Noticed a ghoul
    18 | D:1      | Noticed an elf
    18 | D:1      | Noticed a tengu
    20 | D:1      | Noticed an octopode
    20 | D:1      | Noticed a formicid
    22 | D:1      | Noticed a human
    22 | D:1      | Noticed a vine stalker
    24 | D:1      | Noticed a merfolk
    24 | D:1      | Noticed a gargoyle
    26 | D:1      | Noticed a vampire
    26 | D:1      | Noticed a draconian
   312 | D:1      | Reached XP level 2. HP: 16/20 MP: 5/5
   393 | D:1      | Reached skill level 1 in Fighting
   444 | D:1      | Reached skill level 4 in Ice Magic
   623 | D:1      | Reached XP level 3. HP: 26/26 MP: 6/6
  2190 | D:2      | Reached XP level 4. HP: 30/33 MP: 7/7
  2232 | D:2      | Learned a level 4 spell: Summon Ice Beast
  2498 | D:2      | Reached skill level 1 in Polearms
  2499 | D:2      | Found an ancient bone altar of Kikubaaqudgha.
  2515 | D:2      | Reached skill level 1 in Summonings
  2515 | D:2      | Reached skill level 5 in Ice Magic
  2658 | D:2      | Reached XP level 5. HP: 36/38 MP: 8/8
  4082 | D:3      | Found a shimmering altar of Xom.
  4084 | D:3      | Cast into level 1 of the Abyss (orc)
  4088 | Abyss:1  | Found a corrupted altar of Lugonu.
  4110 | Abyss:1  | Found an ornate altar of the Wu Jian Council.
  4194 | Abyss:1  | Noticed a tentacled starspawn
  4197 | Abyss:1  | Noticed a neqoxec
  4216 | Abyss:1  | Noticed a mana viper
  4218 | Abyss:1  | Mangled by a mana viper

Levels and vault maps discovered:
D:1:      kb_arrival_jail, layout_loops_ring, hangedman_decor_points,
          glass_columns_b
D:2:      layout_basic, kennysheep_vampire_church
D:3:      layout_basic, tgw_xom
Abyss:1:  base: D:1, evilmike_abyss_exit_3

Skill      XL: |  1  2  3  4  5 |
---------------+----------------+-----
Fighting       | 1 2 |  2.4
Ice Magic      | 4 5 |  5.1
Polearms       | 1 2 |  2.0
Summonings     | 1 |  1.5
Dodging        | |  2.6
Stealth        | |  2.1
Spellcasting   | |  2.0
Conjurations   | |  0.7

Action                   |  1- 3 |  4- 6 || total
-------------------------+-------+-------++-------
Melee: Unarmed           |     8 |       ||     8
       Short sword       |    79 |       ||    79
       Spear             |    22 |   141 ||   163
 Cast: Freeze            |    31 |    12 ||    43
 Stab: Sleeping          |     5 |     1 ||     6
  Eat: Chunk             |     4 |     7 ||    11
Armor: Robe              |    14 |    44 ||    58
Dodge: Dodged            |    65 |   154 ||   219
